 Dungeon Crawl Stone Soup version 0.23.0 (webtiles) character file.

Game seed: 9309444577821684156

107 Monsterracer the Skirmisher (level 4, -2/29 HPs)
             Began as a Gargoyle Abyssal Knight on Feb 9, 2019.
             Was a Believer of Lugonu.
             Slain by an orc priest (4 damage)
             ... on level 3 of the Dungeon.
             The game lasted 00:01:29 (2232 turns).

Monsterracer the Skirmisher (GrAK)                  Turns: 2232, Time: 00:01:30

Health: -2/29      AC:  7    Str: 17    XL:     4   Next: 86%
Magic:  5/5        EV: 10    Int: 12    God:    Lugonu [**....]
Gold:   22         SH:  3    Dex:  9    Spells: 3/3 levels left

rFire    . . .     SeeInvis .   a - +1 mace
rCold    . . .     Gourm    .   d - +0 buckler
rNeg     + . .     Faith    .   f - +0 leather armour
rPois    ∞         Spirit   .   (no helmet)
rElec    +         Reflect  .   (no cloak)
rCorr    .         Harm     .   n - +0 pair of gloves
MR       .....                  (no boots)
Stlth    +.........             (no amulet)
HPRegen  0.09/turn              (no ring)
MPRegen  0.09/turn              (no ring)

@: no status effects
A: negative energy resistance 1, electricity resistance, unbreathing,
petrification resistance, rot immunity, AC +3
a: Depart the Abyss, Bend Space, Renounce Religion


You were on level 3 of the Dungeon.
You worshipped Lugonu.
Lugonu was pleased with you.
You were not hungry.

You visited 1 branch of the dungeon, and saw 3 of its levels.
You visited the Abyss 1 time.

You collected 22 gold pieces.

Inventory:

Hand Weapons
 a - a +1 mace (weapon)
 b - a +0 mace of holy wrath
Armour
 d - a +0 buckler (worn)
 f - a +0 leather armour (worn)
 n - a +0 pair of gloves (worn)
Jewellery
 i - an uncursed amulet of guardian spirit {unknown}
Scrolls
 h - 4 scrolls of identify {unknown}
 j - a scroll of blinking {unknown}
 o - a scroll of remove curse {unknown}
 p - a scroll of immolation {unknown}
 q - a scroll of random uselessness {unknown}
Potions
 e - 2 potions of ambrosia {unknown}
 g - a potion of heal wounds {unknown}
 k - a potion of lignification {unknown}
 l - a potion of curing {unknown}
 m - a potion of degeneration {unknown}
Comestibles
 c - 2 rations


   Skills:
 + Level 4.1 Fighting
 * Level 3.8 Maces & Flails
 - Level 2.1 Armour
 - Level 0.7 Dodging
 + Level 1.9 Shields
 - Level 2.0 Invocations


You had 3 spell levels left.
You didn't know any spells.
Your spell library was empty.

Dungeon Overview and Level Annotations

Branches:
Dungeon (3/15)

Altars:


Innate Abilities, Weirdness & Mutations

You are resistant to torment.
Your stone body is resilient. (AC +3)
You are immune to poison.
You resist negative energy. (rN+)
You are resistant to electric shocks. (rElec)
You can survive without breathing.
You are immune to petrification.
You are immune to rotting.


Message History

A giant cockroach is nearby!
You hit the giant cockroach.
The giant cockroach is moderately wounded.
The giant cockroach bites you but does no damage.
You hit the giant cockroach.
You kill the giant cockroach!
Lugonu accepts your kill.
A worm comes into view.
A worm is nearby!
A worm is nearby!
A worm is nearby!
You hit the worm but do no damage. The worm bites you.
You take 3 damage, and have 26/29 hp.
You hit the worm.
The worm is moderately wounded.
The worm barely misses you.
You hit the worm.
The worm is moderately wounded.
The worm bites you.
You take 1 damage, and have 25/29 hp.
You hit the worm.
The worm is heavily wounded.
You sock the worm!
The worm is almost dead.
The worm bites you.
You take 6 damage, and have 19/29 hp.
MASSIVE DAMAGE!!
You are too injured to fight recklessly!
You are feeling hungry.
You sock the worm!
You kill the worm!
Lugonu accepts your kill.
You are too injured to fight recklessly!
You see here a worm corpse.
You butcher the worm corpse.
r - a chunk of flesh Eating a chunk of flesh.
You eat the chunk of flesh.
This raw flesh tastes terrible.
Found a stone staircase leading up.
Health restored: 29 You see here a cursed +0 dagger.
Things that are here:
a +0 club; a +0 short sword; a +0 ring mail
Found a stone staircase leading up.
Done exploring.
No target in view!
No target in view!
Done exploring.
No target in view!
Done exploring.
No target in view!
You can no longer bend space around yourself.
There is a stone staircase leading down here.
You climb downwards.
There is a stone staircase leading up here.
Unknown command. 3 orcs come into view.
The orc shouts! x2; You hear a shout!
There are monsters nearby!
There are monsters nearby!
You hit the orc.
The orc is severely wounded.
The orc hits you with a +0 short sword.
An orc priest comes into view.
You take 2 damage, and have 27/29 hp.
You hit the orc.
You kill the orc!
Lugonu accepts your kill.
A bat comes into view.
Things that are here:
a +0 short sword; an orc corpse You barely miss the orc.
The orc hits you with a +0 hand axe.
You take 2 damage, and have 25/29 hp.
You hit the orc.
The orc is heavily wounded.
The orc hits you with a +0 hand axe.
You take 3 damage, and have 22/29 hp.
You barely miss the orc.
The orc is heavily wounded.
The orc hits you with a +0 hand axe.
You take 5 damage, and have 17/29 hp.
You are too injured to fight recklessly!
You hit the orc.
You kill the orc!
Lugonu accepts your kill.
You can now bend space around yourself.
You are too injured to fight recklessly!
You closely miss the orc priest.
The orc priest hits you but does no damage.
You closely miss the orc priest. The orc priest hits you.
You take 1 damage, and have 17/29 hp.
You hit the orc priest.
The orc priest is lightly wounded.
The orc priest hits you but does no damage.
You hit the orc priest but do no damage.
The orc priest is lightly wounded.
The orc priest calls down the wrath of Beogh upon you.
Beogh smites you!
Ouch! That really hurt!
* * * LOW HITPOINT WARNING * * *
The orc priest hits you.
You die...

######## .......#
.#####.# .#####.#
#######
....##.####.....#
.##.........###.#
.<.....######
#.##### ########
#.#@obo# ##.###.#
##


You could see an orc priest, an orc and a bat.

Vanquished Creatures
  Terence (D:2)
  3 adders (D:2)
  2 worms (D:2)
  3 dart slugs
  2 orcs (D:3)
  2 bats
  3 giant cockroaches (D:2)
  6 goblins
  7 hobgoblins
  2 jackals (D:1)
  A quokka (D:2)
  4 frilled lizards
  2 kobolds (D:2)
  2 rats
40 creatures vanquished.

Notes
Turn   | Place    | Note
-------+----------+-------------------------------------------
     0 | Abyss:1  | Monsterracer the Gargoyle Abyssal Knight began the quest
                  | for the Orb.
     0 | Abyss:1  | Reached XP level 1. HP: 14/14 MP: 2/2
    10 | D:1      | Escaped the Abyss
    35 | D:1      | HP: 6/14 [hobgoblin (2)]
   292 | D:1      | Reached XP level 2. HP: 19/19 MP: 3/3
  1142 | D:2      | Reached XP level 3. HP: 21/24 MP: 4/4
  1152 | D:2      | Reached skill level 1 in Shields
  1318 | D:2      | Noticed Terence
  1336 | D:2      | Killed Terence
  1336 | D:2      | Reached XP level 4. HP: 23/29 MP: 5/5
  1704 | D:2      | Reached skill level 4 in Fighting
  1773 | D:2      | Reached ** piety under Lugonu
  2232 | D:3      | HP: 2/29 [orc priest/divine providence (15)]
  2232 | D:3      | Slain by an orc priest

Skill      XL: |  1  2  3  4 |
---------------+-------------+-----
Maces & Flails | 3 |  3.8
Shields        | 1 |  1.9
Fighting       | 4 |  4.1
Armour         | |  2.1
Dodging        | |  0.7
Invocations    | |  2.0

Action                   |  1- 3 |  4- 6 || total
-------------------------+-------+-------++-------
Melee: Mace              |    86 |    66 ||   152
  Eat: Chunk             |     1 |     3 ||     4
Armor: Leather armour    |    37 |    16 ||    53
Dodge: Dodged            |    47 |    31 ||    78
Block: Buckler           |     7 |     7 ||    14

Levels and vault maps discovered:
D:1:      scummos_arrival_checkerplants, layout_basic
D:2:      layout_basic, uniq_terence
D:3:      layout_loops_cross, chequers_ecumenical_altar_simple_redux, uniq_robin
Abyss:1:  evilmike_abyss_exit_chaos
